 Seeded DCSS version 0.31-a0-667-g39726597b9 (webtiles) character file.

Game seed: 8226958467842168542 (custom seed)

114 demibob the Shooter (level 4, 16/37 HPs)
             Began as a Minotaur Hunter on Sept 3, 2023.
             Quit the game on level 3 of the Dungeon.
             The game lasted 00:02:00 (1490 turns).

demibob the Shooter (Minotaur Hunter)               Turns: 1490, Time: 00:02:00

Health: 16/37      AC:  3    Str: 16    XL:     4   Next: 67%
Magic:  3/3        EV: 12    Int:  6    God:
Gold:   935        SH:  0    Dex: 15    Spells: 3/3 levels left

rFire   . . .        a - +0 shortbow
rCold   . . .        (shield currently unavailable)
rNeg    . . .        c - +0 leather armour
rPois   .            (helmet restricted)
rElec   .            (no cloak)
rCorr   .            (no gloves)
SInv    .            (no boots)
Will    .....        (no amulet)
Stlth   +            (no ring)
HPRegen 0.26/turn    (no ring)
MPRegen 0.08/turn

%: no passive effects
@: studying Ranged Weapons
A: horns 2, retaliatory headbutt
a: no special abilities


You were on level 3 of the Dungeon.
You visited 1 branch of the dungeon, and saw 3 of its levels.

You collected 935 gold pieces.


Innate Abilities, Weirdness & Mutations

You have a pair of horns on your head.
You reflexively headbutt those who attack you in melee.


   Skills:
 - Level 2.4 Fighting
 + Level 6.7 Ranged Weapons
 - Level 2.1 Dodging
 - Level 0.7 Stealth


You had 3 spell levels left.
You didn't know any spells.
Your spell library contained the following spells:

 Spells                   Type           Power      Damage    Failure   Level
 Sandblast                Erth           0%         2d4       52%         1
 Passwall                 Tmut/Erth      0%         N/A       67%         2
 Hailstorm                Conj/Ice       0%         3d3       88%         3
 Stone Arrow              Conj/Erth      0%         3d7       88%         3
 Summon Ice Beast         Ice/Summ       0%         N/A       99%         4
 Simulacrum               Ice/Necr       0%         N/A       100%        6

Inventory:

Hand Weapons
 a - a +0 shortbow (weapon)
Armour
 c - a +0 leather armour (worn)
Magical Staves
 l - a staff of earth {!a}
Scrolls
 b - a scroll of butterflies
 e - a scroll of blinking {unknown}
 g - 3 scrolls of identify {unknown}
 h - 2 scrolls of amnesia {unknown}
 j - 2 scrolls of teleportation {unknown}
Potions
 d - a potion of heal wounds {unknown}
 f - 3 potions of curing {unknown}
 i - a potion of mutation {unknown}
 k - a potion of lignification {unknown}

Dungeon Overview and Level Annotations

Branches:
Dungeon (3/15)

Altars:

#########
#...<...####
#....@.o...#
#....o.....+
#..........#
#.....)....#
#.....$....#
#..........#
###..##....#
... ....#


You could see an orc priest and an orc.


Message History

You pick up a manual of Ranged Weapons {!d} and begin studying.
You now have 935 gold pieces (gained 849).
Done exploring.
Done exploring.
There is a stone staircase leading down here.
You climb downwards.
Found 9 gold pieces.
Found a stone staircase leading up.
There is a stone staircase leading up here.
There are monsters nearby!
You shoot an arrow. The arrow hits the orc!
You kill the orc!
The orc shouts!
The orc priest shouts!
You shoot an arrow. The arrow completely misses the orc.
The arrow barely misses the orc priest.
You shoot an arrow.
The arrow hits the orc but does no damage.
The orc hits you from afar with a +0 trident of protection.
You shoot an arrow. The arrow hits the orc priest.
The orc priest is moderately wounded.
The orc hits you from afar with a +0 trident of protection.
The orc priest invokes the aid of Beogh against you.
Beogh smites you!
You shoot an arrow. The arrow hits the orc priest.
The orc priest is moderately wounded.
The orc closely misses you.
You shoot an arrow. The arrow hits the orc priest.
The orc priest is heavily wounded.
The orc hits you from afar with a +0 trident of protection.
* * * LOW HITPOINT WARNING * * *
Are you sure you want to abandon this character and quit the game? (Confirm with "yes".)

Skill      XL: |  1  2  3 |
---------------+----------+-----
Ranged Weapons | 5 6 |  6.7
Fighting       | |  2.4
Dodging        | |  2.1
Stealth        | |  0.7

Action                     |  1- 3 |  4- 6 || total
---------------------------+-------+-------++-------
   Fire: Shortbow          |   130 |    58 ||   188
    Use: Scroll            |       |     2 ||     2
 Armour: Leather armour    |    52 |    15 ||    67
  Dodge: Dodged            |    51 |    15 ||    66

Levels and vault maps discovered:
D:1:      psy_arrival_statuary, layout_rooms
D:2:      layout_basic, uniq_robin
D:3:      layout_basic, minmay_misc_feat_tiny, corexii_leaking_fountain,
          uniq_jessica, uniq_crazy_yiuf_cottage

Notes
Turn   | Place    | Note
-------+----------+-------------------------------------------
     0 | D:1      | demibob the Minotaur Hunter began the quest for the Orb.
     0 | D:1      | Reached XP level 1. HP: 18/18 MP: 0/0
    93 | D:1      | Reached skill level 5 in Ranged Weapons
    93 | D:1      | Reached XP level 2. HP: 8/25 MP: 1/1
   430 | D:1      | Reached XP level 3. HP: 29/30 MP: 2/2
   611 | D:2      | Noticed Robin
   627 | D:2      | Killed Robin
   628 | D:2      | Reached skill level 6 in Ranged Weapons
   856 | D:2      | Reached XP level 4. HP: 37/37 MP: 3/3
  1464 | D:2      | Identified 2 scrolls of acquirement
  1464 | D:2      | Acquired 849 gold pieces
  1465 | D:2      | Acquired a manual of Ranged Weapons
  1490 | D:3      | Quit the game

Vanquished Creatures
  Robin (D:2)
  2 adders (D:2)
  A gnoll (D:1)
  2 worms (D:2)
  An orc (D:3)
  5 ball pythons
  2 bats (D:1)
  4 endoplasms
  14 goblins
  6 hobgoblins
  11 jackals
  3 quokkas
  A frilled lizard (D:2)
  2 kobolds (D:1)
  8 rats
63 creatures vanquished.

Table legend: (Time is in decaauts)
 A = Elapsed time spent in this place.
 B = Non-inter-level travel time spent in this place.
 C = Inter-level travel time spent in this place.
 D = Time resting spent in this place.
 E = Time spent auto-exploring this place.
 F = Levels seen in this place.
 G = Mean time per level.
                   A        B        C        D        E       F      G
               +--------+--------+--------+--------+--------+-----+--------+
         Total |   1517 |   1495 |     22 |      0 |   1213 |   3 |  505.7 |
       Dungeon |   1517 |   1495 |     22 |      0 |   1213 |   3 |  505.7 |
               +--------+--------+--------+--------+--------+-----+--------+

Top non-repeatable levels by time:
     D:2: 901 daAuts
     D:1: 608 daAuts
     D:3: 7 daAuts

Table legend:
 A = Non-vault XP
 B = Vault XP
 C = Vault XP percentage of total XP
 D = Non-vault monster count
 E = Vault monster count
 F = Vault count percentage of total count
                 A         B        C        D         E       F
            +---------+---------+-------+---------+---------+-------
      Total |     130 |      34 |  20.7 |      51 |      12 |  19.0
            +---------+---------+-------+---------+---------+-------
        D:1 |      56 |       0 |   0.0 |      26 |       0 |   0.0
        D:2 |      71 |      34 |  32.4 |      24 |      12 |  33.3
        D:3 |       3 |       0 |   0.0 |       1 |       0 |   0.0
            +---------+---------+-------+---------+---------+-------
